 Dungeon Crawl Stone Soup version 0.30.1-11-g7821555f0a (webtiles) character file.

Game seed: 7760654262659544351

15567 RancidPinata the Fighter (level 12, -1/82 HPs)
             Began as a Gargoyle Gladiator on Dec 11, 2023.
             Was a High Priest of Okawaru.
             Slain by a manticore (18 damage)
             ... on level 11 of the Dungeon on Dec 12, 2023.
             The game lasted 01:04:19 (13422 turns).

RancidPinata the Fighter (Gargoyle Gladiator)      Turns: 13422, Time: 01:04:19

Health: -1/82      AC: 21    Str: 26    XL:     12   Next: 28%
Magic:  12/12      EV: 17    Int: 10    God:    Okawaru [*****.]
Gold:   2297       SH:  0    Dex: 13    Spells: 11/11 levels left

rFire   + . .        U - +1 great mace (heavy)
rCold   + . .        (shield currently unavailable)
rNeg    + . .        Z - +1 acid dragon scales
rPois   ∞            c - +0 helmet
rElec   +            S - scarf {rC+ rF+}
rCorr   +            (no gloves)
SInv    .            O - +1 pair of boots
Will    .....        (no amulet)
Stlth   +            L - +6 ring of strength
HPRegen 0.33/turn    z - +5 ring of evasion
MPRegen 0.13/turn

%: no passive effects
@: no status effects
A: sickness immunity, AC +8, negative energy resistance 1, electricity
resistance, torment resistance 1, petrification resistance
a: Renounce Religion, Heroism, Finesse, Duel


You were on level 11 of the Dungeon.
You worshipped Okawaru.
Okawaru was extremely pleased with you.
You visited 3 branches of the dungeon, and saw 13 of its levels.

You collected 2297 gold pieces.

Inventory:

Hand Weapons
 a - a +1 morningstar of holy wrath
 A - the +8 glaive of a Gauntlet {antimagic, rElec Str-4 Int+5}
   (Okawaru gifted it to you on level 11 of the Dungeon)

   Str:       It affects your strength (-4).
   Int:       It affects your intelligence (+5).
   rElec:     It insulates you from electricity.
 E - a +3 flail
 F - the +8 trident "Eleurug" {freeze, rN+}
   (You found it on level 4 of the Dungeon)

   rN:        It protects you from negative energy.
 U - a +1 heavy great mace (weapon)
Missiles
 d - a throwing net
 f - 3 javelins
 g - 3 curare-tipped darts
 i - 73 stones
 j - 2 atropa-tipped darts
 q - 12 boomerangs (quivered)
 I - 3 poisoned darts
 V - 2 silver boomerangs
Armour
 c - a +0 helmet (worn)
 O - a +1 pair of boots (worn)
 S - a scarf of resistance (worn)
 Z - +1 acid dragon scales (worn)
Magical Staves
 k - a staff of earth
Jewellery
 n - an amulet of magic regeneration
 o - a ring of willpower
 w - a ring of see invisible
 z - a +5 ring of evasion (right hand)
 J - a ring of resist corrosion
 K - an amulet of reflection
 L - a +6 ring of strength (left hand)
 N - a +5 ring of evasion
Wands
 C - a wand of iceblast (11)
 Q - a wand of light (12)
Scrolls
 b - a scroll of magic mapping {unknown}
 h - a scroll of silence {unknown}
 l - a scroll of identify
 p - a scroll of torment
 r - a scroll of fear {unknown}
 v - 3 scrolls of blinking
 y - 6 scrolls of teleportation
 H - a scroll of enchant weapon {unknown}
 P - 2 scrolls of immolation
Potions
 e - 3 potions of flight
 m - 5 potions of curing
 s - a potion of berserk rage {unknown}
 t - 2 potions of might
 u - a potion of ambrosia {unknown}
 x - 3 potions of mutation
 D - a potion of haste {unknown}
 G - 2 potions of degeneration {unknown}
 R - a potion of heal wounds {unknown}
 W - a potion of lignification {unknown}


   Skills:
 * Level 12.5 Fighting
 * Level 10.3 Maces & Flails
 - Level 5.9 Polearms
 + Level 7.5 Throwing
 + Level 8.6 Armour
 - Level 2.4 Dodging


You had 11 spell levels left.
You didn't know any spells.
Your spell library contained the following spells:

 Spells                   Type           Power      Damage    Failure   Level
 Foxfire                  Conj/Fire      0%         2x1d4     41%         1
 Portal Projectile        Hex/Tloc       0%         N/A       80%         3
 Stone Arrow              Conj/Erth      0%         3d7       80%         3
 Vhi's Electric Charge    Tloc/Air       0%         N/A       80%         3
 Anguish                  Hex/Necr       0%         N/A       99%         4
 Cause Fear               Hex            0%         N/A       99%         4
 Manifold Assault         Tloc           0%         N/A       99%         4
 Arcjolt                  Conj/Air       0%         1d10      100%        5
 Blade Hands              Tmut           0%         N/A       100%        5
 Fireball                 Conj/Fire      0%         3d3       100%        5
 Dispersal                Tloc           0%         N/A       100%        6
 Iron Shot                Conj/Erth      0%         9d1       100%        6
 Plasma Beam              Fire/Air       0%         2x1d11    100%        6
 Starburst                Conj/Fire      0%         6d3       100%        6
 Enfeeble                 Hex            0%         N/A       100%        7
 Disjunction              Tloc           0%         N/A       100%        8
 Lehudib's Crystal Spear  Conj/Erth      0%         10d2      100%        8
 Maxwell's Capacitive Co  Air            0%         ∞         100%        8
 Tukima's Dance           Hex            Unusable   N/A       N/A         3
 Animate Armour           Summ/Erth      Unusable   N/A       N/A         4

Dungeon Overview and Level Annotations

Branches:
Dungeon (11/15)            Temple (1/1) D:6            Lair (0/5) D:11
    Orc (1/2) D:10

Altars:
Ashenzari
Cheibriados
Dithmenos
Elyvilon
Fedhas
Gozag
Hepliaklqana
Kikubaaqudgha
Makhleb
Nemelex Xobeh
Okawaru
Qazlal
Ru
Sif Muna
Trog
Uskayaw
Vehumet
Wu Jian
Xom
Yredelemnul
Zin
The Shining One

Shops:
D:10 (

Annotations:
D:5 3 runed translucent doors, MiddleoftheRoad's ghost, novice DjBr


Innate Abilities, Weirdness & Mutations

You are immune to sickness and miasma.
Your stone body is resilient. (AC +8)
You are immune to poison.
You resist negative energy. (rN+)
You are resistant to electric shocks. (rElec)
You are resistant to unholy torment.
You are immune to petrification.


Message History

The wolf bites you but does no damage. x2
You miss the wolf.
The wolf barely misses you. x2; The wolf misses you.
The wolf bites you. The wolf closely misses you. x2
You hammer the wolf like a gong!!!
You kill the wolf!
Okawaru accepts your kill. The wolf closely misses you.
The wolf bites you but does no damage. The manticore barely misses you.
The manticore misses you. The manticore completely misses you.
The wolf bites you.
You bludgeon the manticore!!
The manticore is severely wounded.
The wolf barely misses you. x2; The manticore bites you!
The manticore completely misses you.
The manticore claws you but does no damage.
The wolf bites you but does no damage. The manticore bites you.
The manticore claws you. The manticore misses you.
You barely miss the manticore.
The manticore is severely wounded.
The wolf misses you. The wolf bites you. The manticore bites you.
The manticore claws you.
* * * LOW HITPOINT WARNING * * *
The manticore claws you but does no damage.
You barely miss the manticore.
The manticore is severely wounded.
The wolf bites you but does no damage. The wolf misses you.
The manticore barely misses you. The manticore claws you.
* * * LOW HITPOINT WARNING * * *
The manticore claws you!
* * * LOW HITPOINT WARNING * * *
The wolf bites you.
* * * LOW HITPOINT WARNING * * *
The manticore bites you but does no damage.
The manticore barely misses you. The manticore completely misses you.
Okay, then.
Okay, then.
Okay, then.
You feel better. The wolf completely misses you. The wolf barely misses you.
The manticore barely misses you. The manticore misses you. x2
The manticore attacks as you move away! The manticore bites you!!
You die...

###......♣...P.P.....
..............P......
..........♣...>.....
#....#..†.♣.......P
##....#.†...........
#.....#......P......
#...................
#......#.....♣♣P....
##h@...#....P.......
#H#####..#..♣.....#
... #..#...##+###
..... #......#
....... #......#
....... '### .......
.......


You could see a manticore and a wolf.

Vanquished Creatures
  An ettin (Orc:1)
  An ogre mage (D:10)
  6 two-headed ogres
  An orc knight (Orc:1)
  2 gargoyles (D:10)
  Maggie (D:10)
  A yaktaur (D:8)
  A troll (D:10)
  A hornet (D:8)
  A shadow (D:11)
  13 yaks
  3 wyverns (D:11)
  2 wraiths
  A basilisk (D:11)
  2 steam dragons
  Grum (D:11)
  A vampire mosquito (D:8)
  A warg (Orc:1)
  2 acid dragons
  6 water moccasins
  Duvessa (D:6)
  6 orc warriors
  2 ice beasts
  4 centaurs
  3 ogres
  3 wolves
  Blork the orc (D:4)
  A kobold brigand (D:8)
  6 bullfrogs
  6 scorpions
  5 wights
  Dowan (D:6)
  20 killer bees
  An electric eel (Orc:1)
  4 howler monkeys
  A jelly (D:8)
  4 hounds
  2 iguanas
  2 sleepcaps (D:6)
  5 orc wizards
  3 gnolls
  7 adders
  An ufetubus (D:6)
  5 worms
  15 dart slugs
  29 orcs
  6 ball pythons
  7 endoplasms
  3 giant cockroaches
  3 goblins
  12 hobgoblins
  A quokka (D:4)
  4 bats
  3 frilled lizards
  9 kobolds
  8 rats
242 creatures vanquished.

Vanquished Creatures (others)
  An orc (D:10)
1 creature vanquished.

Grand Total: 243 creatures vanquished

Notes
Turn   | Place    | Note
-------+----------+-------------------------------------------
     0 | D:1      | RancidPinata the Gargoyle Gladiator began the quest for the
                  | Orb.
     0 | D:1      | Reached XP level 1. HP: 12/12 MP: 1/1
   219 | D:1      | Reached XP level 2. HP: 15/18 MP: 2/2
   866 | D:1      | Reached skill level 1 in Armour
   866 | D:1      | Reached XP level 3. HP: 17/22 MP: 3/3
   971 | D:2      | Reached skill level 3 in Fighting
  1390 | D:1      | Reached XP level 4. HP: 25/28 MP: 4/4
  2141 | D:3      | Found a shimmering blue altar of Sif Muna.
  2277 | D:3      | Reached XP level 5. HP: 33/33 MP: 5/5
  2512 | D:3      | Reached skill level 4 in Fighting
  2536 | D:3      | You fall into a shaft and drop 1 floor!
  2904 | D:4      | Reached XP level 6. HP: 24/39 MP: 6/6
  2919 | D:4      | Noticed Blork the orc
  3040 | D:4      | Killed Blork the orc
  3100 | D:4      | Reached skill level 5 in Fighting
  3430 | D:4      | Reached XP level 7. HP: 34/44 MP: 7/7
  3517 | D:4      | Noticed a moth of wrath
  3519 | D:4      | Found a bloodstained altar of Trog.
  3634 | D:4      | Identified the +8 trident "Eleurug" {freeze, rN+}
  3914 | D:5      | Entered Level 5 of the Dungeon
  4056 | D:6      | Found a staircase to the Ecumenical Temple.
  4083 | D:6      | Reached skill level 1 in Polearms
  4097 | Temple   | Entered the Ecumenical Temple
  4162 | Temple   | Became a worshipper of Warmaster Okawaru
  4242 | D:6      | Reached skill level 6 in Fighting
  4253 | D:6      | Reached XP level 8. HP: 49/51 MP: 8/8
  4278 | D:5      | Reached * piety under Okawaru
  4960 | D:5      | Found a runed translucent gate.
  4975 | D:5      | Found a runed translucent gate.
  4975 | D:5      | Found a runed translucent gate.
  4976 | D:5      | Noticed MiddleoftheRoad's ghost (novice DjBr)
  5020 | D:5      | Found a sacrificial altar of Ru.
  5030 | D:5      | Reached skill level 5 in Maces & Flails
  5071 | D:5      | Found a shadowy altar of Dithmenos.
  5464 | D:6      | Reached skill level 7 in Fighting
  5602 | D:6      | Found a faded altar of an unknown god.
  5602 | D:6      | Found a faded altar of an unknown god.
  5609 | D:6      | Found a hide-covered altar of Uskayaw.
  5611 | D:6      | Found a shimmering altar of Xom.
  5613 | D:6      | Found an opulent altar of Gozag.
  6074 | D:6      | Noticed Dowan
  6937 | D:6      | Noticed Duvessa
  6947 | D:6      | Killed Duvessa
  6947 | D:6      | Reached ** piety under Okawaru
  6948 | D:6      | Reached XP level 9. HP: 57/57 MP: 9/9
  6979 | D:6      | Killed Dowan
  7076 | D:7      | Noticed a two-headed ogre
  7416 | D:7      | Reached skill level 5 in Armour
  7744 | D:7      | Reached skill level 8 in Fighting
  7813 | D:7      | Killed a two-headed ogre
  7813 | D:7      | Reached *** piety under Okawaru
  7814 | D:7      | Reached skill level 5 in Polearms
  7814 | D:7      | Reached skill level 5 in Throwing
  8187 | D:8      | Noticed a hornet
  8201 | D:8      | Killed a hornet
  8202 | D:8      | Reached XP level 10. HP: 65/65 MP: 10/10
  8208 | D:8      | Reached skill level 9 in Fighting
  8237 | D:8      | Reached **** piety under Okawaru
  8750 | D:8      | Noticed a two-headed ogre
  8785 | D:8      | Killed a two-headed ogre
  8785 | D:8      | Received a gift from Okawaru
  9664 | D:9      | Reached skill level 10 in Fighting
  9672 | D:9      | Reached ***** piety under Okawaru
  9993 | D:9      | Found a glowing golden altar of the Shining One.
  9994 | D:9      | Found a glowing silver altar of Zin.
 10236 | D:9      | Found a stormy altar of Qazlal.
 10363 | D:9      | Found a broken altar of Ashenzari.
 10451 | D:9      | Found a white marble altar of Elyvilon.
 10477 | D:9      | Found a snail-covered altar of Cheibriados.
 10486 | D:9      | Reached XP level 11. HP: 60/73 MP: 11/11
 10713 | D:10     | Entered Level 10 of the Dungeon
 10982 | D:10     | Noticed Maggie
 11001 | D:10     | Killed Maggie
 11150 | D:10     | Found an ornate altar of the Wu Jian Council.
 11238 | D:10     | Found a staircase to the Orcish Mines.
 11441 | D:10     | Found Xecvo's Weapon Emporium.
 11795 | D:9      | Identified a scroll of acquirement
 11795 | D:9      | Acquired 1340 gold pieces
 11810 | D:9      | Reached skill level 11 in Fighting
 12039 | Orc:1    | Entered Level 1 of the Orcish Mines
 12048 | Orc:1    | Noticed an ogre mage
 12137 | Orc:1    | Noticed a two-headed ogre
 12153 | D:10     | Killed an ogre mage
 12221 | Orc:1    | Killed a two-headed ogre
 12347 | Orc:1    | Noticed a two-headed ogre
 12363 | Orc:1    | Killed a two-headed ogre
 12556 | Orc:1    | Noticed a two-headed ogre
 12564 | Orc:1    | Killed a two-headed ogre
 12579 | Orc:1    | Noticed an ettin
 12588 | Orc:1    | Killed an ettin
 12588 | Orc:1    | Received a gift from Okawaru
 12604 | Orc:1    | Noticed an orc knight
 12633 | Orc:1    | Killed an orc knight
 12634 | Orc:1    | Reached skill level 12 in Fighting
 12658 | Orc:1    | Noticed a cyclops
 12770 | D:11     | Reached XP level 12. HP: 70/81 MP: 12/12
 12903 | D:11     | Noticed a two-headed ogre
 12921 | D:11     | Killed a two-headed ogre
 13138 | D:11     | Reached skill level 10 in Maces & Flails
 13229 | D:11     | Received a gift from Okawaru
 13342 | D:11     | Found a staircase to the Lair.
 13410 | D:11     | Noticed Grum
 13411 | D:11     | Killed Grum
 13411 | D:11     | Identified the +8 glaive of a Gauntlet {antimagic, rElec
                  | Str-4 Int+5} (Okawaru gifted it to you on level 11 of the
                  | Dungeon)
 13411 | D:11     | Received a gift from Okawaru
 13422 | D:11     | Slain by a manticore

Illustrated notes

Levels and vault maps discovered:
D:1:      mainiacjoe_arrival_reflecting_pool, layout_basic
D:2:      layout_basic, nicolae_concentric_dashed_squares_wild
D:3:      kennysheep_slugbush, layout_basic, amcnicky_altar_gilded,
          minmay_quadrilaterals
D:4:      layout_basic, tgw_trog, uniq_blork_the_orc
D:5:      layout_basic, mainiacjoe_overflow_two_lobes,
          gammafunk_ghost_nasty_kobolds
D:6:      layout_layer_cave, chequers_temple_overflow_minitemple,
          minmay_temple_entry_arrows, minmay_fractal_squares_gapless_5,
          uniq_duvessa
D:7:      layout_rooms, kennysheep_generic_room_3
D:8:      nzn_winding_woodlands_small [nzn_winding_woodlands_5x15_cabin,
          nzn_winding_woodlands_center_diamonds,
          nzn_winding_woodlands_5x15_sidewinder], layout_basic
D:9:      layout_long_grid, good_gods_mini_temple, nicolae_ashenzari_skybound,
          grunt_qazlal_sundering, slow_altar_2
D:10:     layout_long_grid, kennysheep_mini, david_orc_2, serial_glass,
          glass_columns_a, glass_columns_b, serial_shops,
          nicolae_shop_scrapyard, dk_noncrumbling_2, uniq_maggie
D:11:     layout_gridville, minmay_lair_entry_grove, uniq_grum
Temple:   hellmonk_temple_of_storms
Orc:1:    giant_chief_lemuel, layout_diamond_mine, nicolae_orc_lava_room

Skill      XL: |  1  2  3  4  5  6  7  8  9 10 11 12 |
---------------+-------------------------------------+-----
Throwing       | 2 3 4 5 6 7 |  7.5
Armour         | 1 2 3 4 5 7 8 |  8.6
Fighting       | 3 4 5 6 7 8 10 12 | 12.5
Maces & Flails | 4 5 6 7 9 10 | 10.3
Polearms       | 2 3 5 |  5.9
Dodging        | |  2.4

Action                     |  1- 3 |  4- 6 |  7- 9 | 10-12 || total
---------------------------+-------+-------+-------+-------++-------
  Melee: Flail             |   118 |   202 |    29 |       ||   349
         Punch             |     1 |     3 |     1 |     1 ||     6
         Trident           |       |       |   159 |    26 ||   185
         Great mace        |       |       |       |   300 ||   300
  Throw: Dart              |       |     2 |       |    17 ||    19
         Javelin           |       |     1 |     1 |     1 ||     3
         Throwing net      |       |     1 |       |     2 ||     3
         Boomerang         |       |       |       |    11 ||    11
 Invoke: Heroism           |       |       |     1 |     9 ||    10
         Finesse           |       |       |       |     3 ||     3
  Evoke: Wand              |       |       |       |     4 ||     4
    Use: Scroll            |       |       |     4 |    11 ||    15
         Potion            |       |       |     1 |     1 ||     2
   Stab: Distracted        |       |       |       |     1 ||     1
         Held in net/web   |       |       |       |     2 ||     2
 Armour: Leather armour    |    45 |       |    32 |    96 ||   173
         Ring mail         |    19 |   120 |    42 |       ||   181
         Acid dragon scale |       |       |       |   102 ||   102
  Dodge: Dodged            |    95 |   158 |   208 |   442 ||   903
